 Dungeon Crawl Stone Soup version 0.22.1-1-ga44c0e5 (webtiles) character file.

46 Loudmushroom the Covered (level 3, 0/24 HPs)
             Began as a Gargoyle Fighter on Sept 20, 2018.
             Killed from afar by an orc wizard (10 damage)
             ... with a puff of flame
             ... on level 2 of the Dungeon.
             The game lasted 00:05:28 (1163 turns).

Loudmushroom the Covered (Gargoyle Fighter)         Turns: 1163, Time: 00:05:29

Health: 0/24       AC: 10    Str: 20    XL:     3   Next: 68%
Magic:  3/3        EV:  7    Int:  8    God:
Gold:   74         SH:  0    Dex:  9    Spells: 2/2 levels left

rFire    . . .     SeeInvis .   a - +0 war axe
rCold    . . .     Gourm    .   c - +0 shield
rNeg     + . .     Faith    .   p - +0 scale mail
rPois    ∞         Spirit   .   (no helmet)
rElec    +         Reflect  .   (no cloak)
rCorr    .         Harm     .   (no gloves)
MR       .....                  (no boots)
Stlth    ..........             (no amulet)
HPRegen  0.08/turn              (no ring)
MPRegen  0.08/turn              (no ring)

@: confused, slowed, very slow
A: negative energy resistance 1, electricity resistance, unbreathing,
petrification resistance, rot immunity, AC +3
a: no special abilities


You were on level 2 of the Dungeon.
You were not hungry.

You visited 1 branch of the dungeon, and saw 2 of its levels.

You collected 74 gold pieces.

Inventory:

Hand Weapons
 a - a +0 war axe (weapon)
 b - a +0 hunting sling
Missiles
 e - 84 stones (quivered)
 l - 10 poisoned needles
 o - 6 curare-tipped needles
Armour
 c - a +0 shield (worn)
 p - a +0 scale mail (worn)
Jewellery
 n - an uncursed amulet of the gourmand {unknown}
Scrolls
 i - 2 scrolls of fear {unknown}
 j - 2 scrolls of identify {unknown}
 m - a scroll of teleportation {unknown}
 q - a scroll of blinking {unknown}
Potions
 d - a potion of might
 g - 2 potions of degeneration {unknown}
 k - 4 potions of curing {unknown}
Comestibles
 f - 3 rations
 h - 8 chunks of flesh


   Skills:
 + Level 3.6 Fighting
 * Level 2.6 Axes
 + Level 3.7 Armour
 + Level 3.6 Shields


You had 2 spell levels left.
You didn't know any spells.
Your spell library was empty.

Dungeon Overview and Level Annotations

Branches:
Dungeon (2/15)

Altars:


Innate Abilities, Weirdness & Mutations

You are resistant to torment.
Your stone body is resilient. (AC +3)
You are immune to poison.
You resist negative energy. (rN+)
You are resistant to electric shocks. (rElec)
You can survive without breathing.
You are immune to petrification.
You are immune to rotting.


Message History

You block the orc wizard's attack. The orc wizard casts a spell at you.
You feel yourself slow down.
The orc wizard gestures at you while chanting.
You are confused.
You bump into the rock wall.
The orc wizard mumbles some strange words.
The orc wizard blinks!
The orc wizard barely misses you. The orc wizard casts a spell at you.
The magic dart hits you! The orc wizard hits you with a dagger.
The orc wizard hits you but does no damage.
You're too confused to move!
The orc wizard hits you but does no damage.
The orc wizard hits you with a dagger.
The orc wizard points at you and mumbles some strange words.
You feel as though you will be slow longer.
The orc wizard hits you but does no damage.
The orc wizard points at you and mumbles some strange words.
The puff of flame hits you!
You die...

######.# ## .......#
. #####.## .#### #
#####.###..... .#
#..........# .# #
#.###...#<.# #.#.#
###.#..# ###....#
#.#####.#..#
##oo§...#
........#..###..@(..#
#.#####.#..##.###o.##
#....#.## #.#
#.#...## #.# #.#...#
.# #.##..# # #>..#..#
..##.##.# ... . #..


You could see 3 orc wizards.

Vanquished Creatures
  2 dart slugs (D:1)
  A leopard gecko (D:2)
  An orc (D:2)
  A ball python (D:2)
  3 giant cockroaches (D:1)
  11 goblins
  2 hobgoblins
  A quokka (D:2)
  3 bats (D:1)
  4 frilled lizards
  3 kobolds (D:1)
  6 rats
38 creatures vanquished.

Notes
Turn   | Place    | Note
-------+----------+-------------------------------------------
     0 | D:1      | Loudmushroom the Gargoyle Fighter began the quest for the
                  | Orb.
     0 | D:1      | Reached XP level 1. HP: 14/14 MP: 1/1
   216 | D:1      | Reached XP level 2. HP: 19/19 MP: 2/2
   574 | D:1      | Reached XP level 3. HP: 23/23 MP: 3/3
  1163 | D:2      | Killed from afar by an orc wizard

Skill      XL: |  1 |
---------------+----+-----
Axes           | 2 |  2.6
Fighting       | |  3.6
Armour         | |  3.7
Shields        | |  3.6

Action                   || total
-------------------------++-------
Melee: War axe           ||   127
  Eat: Chunk             ||     1
Armor: Scale mail        ||    63
Dodge: Dodged            ||    37
Block: Shield            ||    76
